 Dungeon Crawl Stone Soup version 0.28.0-45-g0d030f2227 (webtiles) character file.

Game seed: 14539693688276781336

29 selver the Poker (level 3, -1/27 HPs)
             Began as a Demonspawn Gladiator on Apr 12, 2022.
             Succumbed to an adder's poison
             ... on level 2 of the Dungeon.
             The game lasted 00:02:56 (1095 turns).

selver the Poker (Demonspawn Gladiator)             Turns: 1095, Time: 00:02:57

Health: -1/27      AC:  4    Str: 16    XL:     3   Next: 1%
Magic:  3/3        EV: 12    Int: 15    God:
Gold:   35         SH:  0    Dex: 14    Spells: 2/2 levels left

rFire   . . .      SeeInvis .   a - +0 trident
rCold   . . .      Faith    .   (no shield)
rNeg    . . .      Spirit   .   b - +0 leather armour
rPois   .          Reflect  .   c - +0 helmet
rElec   .          Harm     .   (no cloak)
rCorr   .          Rampage  .   (no gloves)
Will    .....                   (no boots)
Stlth   +.........              (no amulet)
HPRegen 0.09/turn               g - +6 ring of intelligence
MPRegen 0.08/turn               (no ring)

@: mighty, lethally poisoned (-1 -> -19), invisible
A: demonic magic 1
a: no special abilities


You were on level 2 of the Dungeon.
You visited 1 branch of the dungeon, and saw 2 of its levels.

You collected 35 gold pieces.

Inventory:

Hand Weapons
 a - a +0 trident (weapon)
Missiles
 d - 3 throwing nets (quivered)
Armour
 b - a +0 leather armour (worn)
 c - a +0 helmet (worn)
Jewellery
 g - a +6 ring of intelligence (left hand)
Scrolls
 h - 2 scrolls of magic mapping {unknown}


   Skills:
 - Level 2.0 Fighting
 + Level 3.8 Polearms
 - Level 1.7 Throwing
 - Level 2.6 Dodging


You had 2 spell levels left.
You didn't know any spells.
Your spell library contained the following spells:

 Spells                   Type           Power      Damage    Failure   Level
 Slow                     Hex            0%         N/A       32%         1
 Confusing Touch          Hex            0%         N/A       69%         3
 Vampiric Draining        Necr           0%         2d6       69%         3


Dungeon Overview and Level Annotations

Branches:
Dungeon (2/15)

Altars:


Innate Abilities, Weirdness & Mutations

Spells you cast may paralyse adjacent enemies.


Message History

You hit the endoplasm.
The endoplasm is heavily wounded.
The endoplasm barely misses you.
You hit the endoplasm.
You kill the endoplasm!
The adder bites you.
You are poisoned.
The adder poisons you! The adder bites you.
You are more poisoned.
The adder poisons you!
You have reached level 3!
Your experience leads to an increase in your attributes!
Your base attributes are Str 14, Int 9, Dex 14.
Increase (S)trength, (I)ntelligence, or (D)exterity?
You feel stronger. x2
You puncture the adder!
The adder is severely wounded.
You feel very sick. The adder barely misses you.
You miss the adder.
The adder is severely wounded.
You feel sick. The adder bites you.
You are lethally poisoned!
The adder poisons you! The adder bites you.
* * * LOW HITPOINT WARNING * * *
You are more poisoned.
The adder poisons you!
You are too injured to fight recklessly!
You are too injured to fight recklessly!
It was a potion of might.
You feel very mighty all of a sudden.
* * * LOW HITPOINT WARNING * * *
You feel very sick. The adder barely misses you.
You are too injured to fight recklessly!
You are too injured to fight recklessly!
You are too injured to fight recklessly!
It was a potion of invisibility.
You fade into invisibility!
You die...

...............#
............<..#
...............##
........†.......#
.......$......###
..............#
.......)....#.#
#.............#
..........@...#
#.##.....S....# #
#...........#
#............#
#.#.<.(....#.#
...#.......#.#
..#####.... . .
..# #..... . .#
##...


You could see an adder.

Vanquished Creatures
  A dart slug (D:1)
  4 endoplasms
  2 giant cockroaches (D:1)
  A goblin (D:2)
  3 hobgoblins
  3 jackals (D:1)
  5 kobolds (D:1)
  2 ball pythons (D:1)
  A bat (D:2)
22 creatures vanquished.

Notes
Turn   | Place    | Note
-------+----------+-------------------------------------------
     0 | D:1      | selver the Demonspawn Gladiator began the quest for the
                  | Orb.
     0 | D:1      | Reached XP level 1. HP: 16/16 MP: 1/1
    43 | D:1      | Reached skill level 3 in Polearms
   128 | D:1      | Found a faded altar of an unknown god.
   210 | D:1      | Gained mutation: Spells you cast may paralyse adjacent
                  | enemies. [demonic ancestry]
   210 | D:1      | Reached XP level 2. HP: 17/22 MP: 2/2
  1092 | D:2      | Reached XP level 3. HP: 17/27 MP: 3/3
  1095 | D:2      | Succumbed to an adder's poison

Illustrated notes

Levels and vault maps discovered:
D:1:      minmay_arrival_split_and_join, layout_loops_ring,
          shapermc_ecumenical_altar_ellora
D:2:      layout_rooms, uniq_jessica

Skill      XL: |  1 |
---------------+----+-----
Polearms       | 3 |  3.8
Fighting       | |  2.0
Throwing       | |  1.7
Dodging        | |  2.6

Action                   || total
-------------------------++-------
Melee: Trident           ||    77
       Punch             ||     1
  Use: Potion            ||     2
 Stab: Sleeping          ||     3
Armor: Leather armour    ||    21
Dodge: Dodged            ||    52
